 Dungeon Crawl Stone Soup version 0.18-a0-1730-g73f0523 (webtiles) character file.

616 namelastname112 the Slasher (level 7, 58/61 HPs)
             Began as a Pale Draconian Chaos Knight on Apr 11, 2016.
             Quit the game in a sewer.
             The game lasted 00:09:06 (2756 turns).

namelastname112 the Slasher (DrCK)                  Turns: 2756, Time: 00:09:07

Health: 58/61      AC:  7    Str: 14    XL:     7   Next: 21%
Magic:  7/7        EV: 13    Int: 12    God:    Xom [*.....]
Gold:   76         SH:  0    Dex: 13    Spells: 0 memorised, 6 levels left

rFire  . . .     SeeInvis .     a - +0 falchion (chaos)
rCold  . . .     Gourm    .     (armour unavailable)
rNeg   . . .     Faith    .     (no shield)
rPois  .         Spirit   .     (helmet restricted)
rElec  .         Dismiss  .     (no cloak)
rCorr  .         Reflect  .     c - +0 pair of gloves
SustAt .         Harm     .     (no boots)
MR     .....                    (no amulet)
Stlth  +.........               (no ring)
                                (no ring)

@: not resistant to hostile enchantments, very unstealthy
A: breathe steam, unfitting armour, stinger 1, cold-blooded, AC +6
a: Breathe Steam, Renounce Religion


You were in a sewer.
You worshipped Xom.
You were a special plaything of Xom.
You were not hungry.

You visited 1 branch of the dungeon, and saw 3 of its levels.
You also visited: Sewer.

You collected 76 gold pieces.

Inventory:

Hand Weapons
 a - a +0 falchion of chaos (weapon)
Armour
 c - a +0 pair of gloves (worn)
Magical Staves
 m - an uncursed staff of cold
Scrolls
 d - 2 scrolls of identify {unknown}
 f - a scroll of remove curse {unknown}
Potions
 e - a potion of curing {unknown}
 g - a potion of flight {unknown}
 h - a potion of lignification {unknown}
 i - 2 potions of haste {unknown}
 j - a potion of might {unknown}
 k - a potion of beneficial mutation {unknown}
 l - a potion of magic {unknown}
Comestibles
 b - 4 bread rations
 n - a chunk of flesh


   Skills:
 + Level 5.5 Fighting
 * Level 6.2 Long Blades
 + Level 3.9 Dodging


You had 6 spell levels left.
You didn't know any spells.

Dungeon Overview and Level Annotations

Branches:
Dungeon (3/15)

Altars:


Innate Abilities, Weirdness & Mutations

You can breathe blasts of scalding, opaque steam.
Your pale cyan-grey scales are hard (AC +6).
Your body does not fit into most forms of armour.
You are cold-blooded and may be slowed by cold attacks.
Your tail ends in a poisonous barb.


Message History

You kill the big kobold!
No target in view!
No target in view!
No target in view!
No target in view!
No target in view!
No target in view!
No target in view!
No target in view!
No target in view!
No target in view!
No target in view!
No target in view!
No target in view!
No target in view!
No target in view!
No target in view!
No target in view!
No target in view!
Are you sure you want to abandon this character and quit the game? (Confirm with "yes".)

≈.≈.##≈.. ≈≈≈.≈≈..
#≈≈..≈.≈ #≈≈..≈≈.
#≈.≈≈.≈. #≈≈.≈...
###### ##≈≈≈≈.≈.
#.≈≈≈≈##### ##.≈≈.≈≈≈≈
#†@≈≈≈####..≈.##≈.≈
#.≈≈≈≈###≈≈.≈≈.≈.####≈.
###### #≈.≈≈≈≈≈.# ##..
≈≈≈≈###≈≈...≈.####.≈≈
#≈≈.≈.########.....
≈≈≈≈##### #≈≈≈≈.# ##
#≈≈..## #...## #.≈.#


There were no monsters in sight!

Vanquished Creatures
  5 big kobolds (Sewer)
  Jessica (D:2)
  Natasha (twice) (D:2)
  Robin (D:2)
  6 adders
  A river rat (Sewer)
  8 oozes
  4 worms
  4 giant geckos
  A ball python (D:1)
  2 giant cockroaches
  16 goblins
  4 hobgoblins (D:2)
  A quokka (D:2)
  7 bats
  2 giant newts
  8 kobolds
  10 rats
83 creatures vanquished.

Vanquished Creatures (collateral kills)
  A kobold (Sewer)
1 creature vanquished.

Vanquished Creatures (others)
  A rat (D:2)
1 creature vanquished.

Grand Total: 85 creatures vanquished

Notes
Turn   | Place    | Note
--------------------------------------------------------------
     0 | D:1      | namelastname112 the Draconian Chaos Knight began the quest for the Orb.
     0 | D:1      | Reached XP level 1. HP: 19/19 MP: 1/1
    92 | D:1      | Reached XP level 2. HP: 27/27 MP: 2/2
   466 | D:1      | XOM: silly message
   580 | D:1      | XOM: harmless Erth miscast
   590 | D:1      | Reached XP level 3. HP: 23/33 MP: 3/3
   895 | D:2      | XOM is BORED!
   895 | D:2      | XOM: noise
   967 | D:2      | Noticed Natasha
   970 | D:2      | XOM: potion effect (invisibility)
   975 | D:2      | Killed Natasha
   975 | D:2      | Reached skill level 4 in Long Blades
   975 | D:2      | Reached XP level 4. HP: 31/40 MP: 4/4
  1086 | D:2      | XOM: divination: magic mapping
  1108 | D:2      | Noticed Robin
  1131 | D:2      | Killed Robin
  1135 | D:2      | XOM: divination: detect creatures
  1296 | D:2      | XOM: god gift: 18 stones
  1320 | D:2      | XOM: confuse monster(s)
  1452 | D:2      | Noticed Jessica
  1464 | D:2      | Killed Jessica
  1464 | D:2      | Reached XP level 5. HP: 45/47 MP: 5/5
  1599 | D:2      | Noticed Natasha
  1611 | D:2      | Killed Natasha
  1904 | D:3      | Found a glowing drain.
  1964 | Sewer    | Entered a sewer
  2073 | Sewer    | XOM: smoke on damage
  2099 | Sewer    | XOM: snakes to sticks
  2105 | Sewer    | Reached skill level 5 in Long Blades
  2105 | Sewer    | Reached XP level 6. HP: 43/55 MP: 6/6
  2161 | Sewer    | XOM: give mutation
  2161 | Sewer    | Gained mutation: Your tail ends in a poisonous barb. [Xom's grace]
  2300 | Sewer    | Reached skill level 5 in Fighting
  2435 | Sewer    | XOM: noise
  2460 | Sewer    | XOM: confuse monster(s)
  2482 | Sewer    | XOM: summons 4 hostile shadow creatures
  2483 | Sewer    | XOM: enchant monster (good)
  2487 | Sewer    | XOM: mild Summ miscast
  2496 | Sewer    | XOM: summons friendly white imp
  2634 | Sewer    | XOM: harmless Hex miscast
  2692 | Sewer    | XOM: confuse monster(s)
  2709 | Sewer    | Reached skill level 6 in Long Blades
  2709 | Sewer    | Your scales start taking on a pale cyan-grey colour.
  2709 | Sewer    | Reached XP level 7. HP: 59/61 MP: 7/7
  2746 | Sewer    | XOM: enchant monster (bad)
  2756 | Sewer    | Quit the game

Vault maps used:
D:1:      minmay_arrival_semitransparent
D:2:      first_bread, minivault_19, uniq_jessica, uniq_natasha, uniq_robin
D:3:      serial_corexii_hall, corexii_hall_statues_s, corexii_hall_statues_l,
          portal_sewer_entry_d, uniq_sigmund, uniq_terence
Sewer:    sewer_co_tree

Skill      XL: |  1  2  3  4  5  6 |
---------------+-------------------+-----
Fighting       | 4 5 |  5.5
Long Blades    | 4 5 6 |  6.2
Dodging        | 3 |  3.9

Action                   |  1- 3 |  4- 6 |  7- 9 || total
-------------------------+-------+-------+-------++-------
Melee: Falchion          |    94 |   223 |     8 ||   325
 Stab: Confused          |       |     2 |       ||     2
       Sleeping          |       |     1 |       ||     1
       Paralysed         |       |     3 |       ||     3
  Eat: Chunk             |       |     4 |       ||     4
       Bread ration      |       |     1 |       ||     1
